AoeStats
← Big Stysiu

Migration

509541664Analyzed
1v1 RM · 4d ago on Sep 27, 2026· 85m 58s· 2 players
Game mode
Random Map
Map size
132×132
Population
200
Speed
Normal
Resources
Standard
Victory
Conquest
Starting age
Dark Age
Ending age
Imperial Age
RankedLock teamsTeams togetherTeam positionsShared explorationLock speedFull tech treeHidden civsTurbo modeCheats
Victory
Defeat
🇨🇦 Armenians · Canada
1004
+17
🇵🇱 Koreans · Poland
1024
-17
Thelostmeta
8:20 Loom
12:06 Feudal Age
14:25 Wheelbarrow
15:21 Fletching
22:02 Padded Archer Armor
23:07 Double-Bit Axe
23:13 Gold Mining
27:57 Castle Age
28:51 Medium Warships
28:51 Bodkin Arrow
29:11 Leather Archer Armor
29:23 Town Watch
33:05 Bow Saw
36:49 Hand Cart
39:18 Ballistics
39:06 Siphons
39:19 Careening
39:20 Clinker Construction
45:13 Imperial Age
43:37 Murder Holes
43:38 Guard Tower
45:46 Forging
45:42 Scale Barding Armor
47:12 Heavy Warships
46:46 Light Cavalry
51:37 Cilician Fleet
56:43 Bracer
57:15 Ring Archer Armor
61:00 Dry Dock
61:01 Carvel Hull
62:16 Cavalier
63:09 Bloodlines
63:00 Husbandry
Big Stysiu
9:03 Loom
11:00 Feudal Age
12:05 Double-Bit Axe
22:47 Castle Age
22:37 Fishing Lines
24:03 Fletching
25:29 Bodkin Arrow
26:36 Gillnets
38:55 Imperial Age
36:12 Town Watch
41:14 Chemistry
41:51 Bracer
44:00 Gold Mining
44:48 Arrowslits
45:20 Medium Warships
48:55 Bow Saw
49:24 Gold Shaft Mining
57:57 Stone Mining
67:07 Ballistics
73:07 Stone Shaft Mining
77:32 Heavy Warships
80:12 Pikeman
84:40 Forging
84:31 Scale Mail Armor
Connection lost

Rejoining the realm…

Still unreachable

The connection could not be restored.

Session expired

The server has moved on; the page needs a fresh start.